 Dungeon Crawl Stone Soup version 0.28-a0-1087-gf3fc490d9d (webtiles) character file.

Game seed: 13132764167944738699

641 Zeldest the Magician (level 7, -13/53 HPs)
             Began as a Mummy Summoner on Dec 10, 2021.
             Mangled by a hornet (14 damage)
             ... on level 5 of the Dungeon.
             The game lasted 00:12:58 (5074 turns).

Zeldest the Magician (Mummy Summoner)               Turns: 5074, Time: 00:12:59

Health: -13/53     AC:  4    Str: 11    XL:     7   Next: 26%
Magic:  10/15      EV: 16    Int: 16    God:
Gold:   211        SH:  0    Dex: 19    Spells: 11/17 levels left

rFire   x . .      SeeInvis .   i - +3 spear
rCold   + . .      Faith    .   (no shield)
rNeg    + + +      Spirit   .   o - +0 leather armour
rPois   ∞          Reflect  .   (no helmet)
rElec   .          Harm     .   (no cloak)
rCorr   .          Rampage  .   (no gloves)
Will    .....                   k - +0 pair of boots
Stlth   ++........              (no amulet)
HPRegen 0.17/turn               e - +4 ring of evasion
MPRegen 0.14/turn               h - +6 ring of dexterity

@: no status effects
A: cold resistance 1, negative energy resistance 3, torment resistance 2, heat
vulnerability 1, no potions
a: no special abilities


You were on level 5 of the Dungeon.
You visited 1 branch of the dungeon, and saw 5 of its levels.

You collected 211 gold pieces.

Inventory:

Hand Weapons
 i - a +3 spear (weapon)
Armour
 a - a +0 robe
 k - a +0 pair of boots (worn)
 o - a +0 leather armour (worn)
Jewellery
 e - a +4 ring of evasion (left hand)
 h - a +6 ring of dexterity (right hand)
 m - a ring of ice
Scrolls
 b - 2 scrolls of teleportation {unknown}
 c - a scroll of identify {unknown}
 d - 2 scrolls of amnesia {unknown}
 f - a scroll of blinking {unknown}
 g - a scroll of immolation {unknown}
 j - a scroll of vulnerability {unknown}
 l - a scroll of brand weapon {unknown}
 n - a scroll of enchant armour {unknown}
 p - a scroll of fear {unknown}


   Skills:
 + Level 3.9 Fighting
 + Level 2.2 Polearms
 - Level 1.5 Dodging
 - Level 1.5 Stealth
 + Level 5.6 Spellcasting
 + Level 4.8 Summonings


You had 11 spell levels left.
You knew the following spells:

 Your Spells              Type           Power      Damage    Failure   Level
a - Call Imp              Summ           19%        N/A       4%          2
b - Call Canine Familiar  Summ           19%        N/A       8%          3
c - Summon Small Mammal   Summ           76%        N/A       2%          1

Your spell library contained the following spells:

 Spells                   Type           Power      Damage    Failure   Level
 Summon Guardian Golem    Hex/Summ       12%        N/A       22%         3
 Summon Lightning Spire   Summ/Air       12%        N/A       56%         4


Dungeon Overview and Level Annotations

Branches:
Dungeon (5/15)
 Temple: D:4-7

Altars:
Trog

Shops:
D:3 !

Annotations:
D:3 2 transporters, EPluribusUnum's ghost, amateur DsFi


Innate Abilities, Weirdness & Mutations

You are immune to poison.
Your flesh is cold resistant. (rC+)
You are immune to negative energy. (rN+++)
You are immune to unholy pain and torment.
You are vulnerable to heat. (rF-)
You do not drink.


Message History

Your shadow imp gestures at the hornet.
The hornet writhes in agony!
The hornet stings you.
You hit the hornet but do no damage.
The hornet is severely wounded.
Your hound bites the hornet.
Your shadow imp completely misses the hornet.
The hornet completely misses you.
Your hound misses the hornet. You miss the hornet.
The hornet is severely wounded.
The hornet closely misses you.
Your shadow imp completely misses the hornet.
Your hound barely misses the hornet.
The hornet barely misses you.
You barely miss the hornet.
The hornet is severely wounded.
Your hound misses the hornet.
Your shadow imp misses the hornet.
The hornet misses you.
Your hound bites the hornet.
You closely miss the hornet.
The hornet is severely wounded.
The hornet stings you!
* * * LOW HITPOINT WARNING * * *
Your shadow imp closely misses the hornet.
Your hound closely misses the hornet.
The hornet stings you!
* * * LOW HITPOINT WARNING * * *
Reach: i) +3 spear
Press: ? - help, Dir - move target, f/p - hornet
Aim: a hornet (severely wounded, ally target, about 43% to evade your +3 spear)
You hit the hornet.
The hornet is almost dead.
Your hound misses the hornet.
Your shadow imp closely misses the hornet.
The hornet misses you.
Your hound misses the hornet.
Reach: i) +3 spear
Press: ? - help, Dir - move target, f/p - hornet
Aim: a hornet (almost dead, ally target, about 43% to evade your +3 spear)
You hit the hornet.
The hornet is almost dead.
The hornet closely misses you.
Your shadow imp closely misses the hornet.
Your hound misses the hornet. The hornet stings you!
You die...

## #. #.
#.############.#
#5yh......<...#
#@#######.....#
#..# .........#
####
#.##.....#.# #
##....# # ###..#
.... ..#.


You could see a hornet (ally target), a friendly hound (summoned) and a friendly
shadow imp (summoned).

Vanquished Creatures
  Eustachio (D:4)
  A scorpion (D:4)
  An iguana (D:4)
  A gnoll (D:2)
  5 adders
  A dart slug (D:2)
  3 endoplasms
  5 giant cockroaches
  5 goblins
  5 hobgoblins
  3 jackals
  3 kobolds
  2 quokkas
  5 ball pythons
  2 bats
  2 frilled lizards
  6 rats
51 creatures vanquished.

Vanquished Creatures (collateral kills)
  An ogre (D:4)
  A water moccasin zombie (D:3)
  A hound (D:4)
  Jessica (D:2)
  Terence (D:2)
  An orc wizard (D:2)
  3 gnolls
  An ufetubus (D:4)
  An adder skeleton (D:4)
  4 orcs
  2 bats (D:1)
  3 endoplasms (D:1)
  3 giant cockroaches
  4 goblins
  2 hobgoblins
  2 jackals (D:4)
  2 kobolds
  3 quokkas
  A ball python (D:1)
  A frilled lizard (D:3)
38 creatures vanquished.

Grand Total: 89 creatures vanquished

Notes
Turn   | Place    | Note
-------+----------+-------------------------------------------
     0 | D:1      | Zeldest the Mummy Summoner began the quest for the Orb.
     0 | D:1      | Reached XP level 1. HP: 13/13 MP: 4/4
   397 | D:1      | Reached skill level 3 in Spellcasting
   448 | D:1      | Reached XP level 2. HP: 20/20 MP: 1/6
   623 | D:1      | Reached skill level 1 in Fighting
  1380 | D:1      | Reached XP level 3. HP: 24/26 MP: 7/7
  2009 | D:2      | Noticed Terence
  2177 | D:1      | Learned a level 2 spell: Call Imp
  2181 | D:1      | Learned a level 3 spell: Call Canine Familiar
  2204 | D:2      | Killed Terence
  2205 | D:2      | Reached XP level 4. HP: 20/33 MP: 0/9
  2373 | D:2      | Reached skill level 4 in Spellcasting
  2481 | D:2      | Reached XP level 5. HP: 32/39 MP: 1/11
  2583 | D:2      | Noticed Jessica
  2587 | D:2      | Killed Jessica
  3472 | D:3      | Found a transporter.
  3484 | D:3      | Found a transporter.
  3488 | D:3      | Noticed EPluribusUnum's ghost (amateur DsFi)
  3653 | D:3      | Reached skill level 1 in Polearms
  3960 | D:3      | Found Gueqipsu's Distillery.
  4140 | D:3      | Reached XP level 6. HP: 47/47 MP: 13/13
  4226 | D:4      | Reached skill level 5 in Spellcasting
  4313 | D:4      | Found a bloodstained altar of Trog.
  4335 | D:4      | Noticed Eustachio
  4508 | D:4      | Killed Eustachio
  4509 | D:4      | Reached XP level 7. HP: 53/53 MP: 6/15
  5048 | D:5      | Entered Level 5 of the Dungeon
  5048 | D:5      | Noticed a hornet
  5072 | D:5      | HP: 1/53 [hornet (7)]
  5074 | D:5      | Mangled by a hornet

Illustrated notes

Levels and vault maps discovered:
D:1:      ncdulo_wetmaze, layout_basic, kennysheep_another_room,
          minmay_misc_feat_tiny, st_stairs_6
D:2:      layout_basic, lemuel_old_faithful, uniq_jessica, uniq_terence
D:3:      layout_loops_ring, gammafunk_ghost_stat_death, serial_shops, shop
D:4:      layout_basic, trog_book, chequers_serial_rivers_micro_d,
          uniq_eustachio
D:5:      layout_loops_ring, nicolae_ashenzari_panopticon,
          lemuel_mausoleum_altar_yredelemnul, lemuel_round_altar,
          chequers_big_river, hex_tiny, uniq_grinder

Skill      XL: |  1  2  3  4  5  6 |
---------------+-------------------+-----
Spellcasting   | 3 4 5 |  5.6
Fighting       | 1 2 3 |  3.9
Summonings     | 4 |  4.8
Polearms       | 1 2 |  2.2
Dodging        | |  1.5
Stealth        | |  1.5

Action                   |  1- 3 |  4- 6 |  7- 9 || total
-------------------------+-------+-------+-------++-------
Melee: Unarmed           |     9 |       |       ||     9
       Short sword       |    67 |     3 |       ||    70
       Spear             |       |   109 |    32 ||   141
 Cast: Summon Small Mamm |    51 |    10 |     1 ||    62
       Call Imp          |     3 |    24 |     2 ||    29
       Call Canine Famil |     1 |    14 |     1 ||    16
 Stab: Sleeping          |     1 |     8 |     1 ||    10
Armor: Robe              |    19 |     7 |       ||    26
       Leather armour    |       |    20 |     3 ||    23
Dodge: Dodged            |    71 |   102 |    25 ||   198

Table legend: (Time is in decaauts)
 A = Elapsed time spent in this place.
 B = Non-inter-level travel time spent in this place.
 C = Inter-level travel time spent in this place.
 D = Time resting spent in this place.
 E = Time spent auto-exploring this place.
 F = Levels seen in this place.
 G = Mean time per level.
                   A        B        C        D        E       F      G
               +--------+--------+--------+--------+--------+-----+--------+
         Total |   5097 |   4929 |    168 |   1781 |   2115 |   5 | 1019.4 |
       Dungeon |   5097 |   4929 |    168 |   1781 |   2115 |   5 | 1019.4 |
               +--------+--------+--------+--------+--------+-----+--------+

Top non-repeatable levels by time:
     D:1: 1898 daAuts
     D:2: 1561 daAuts
     D:3: 828 daAuts
     D:4: 782 daAuts
     D:5: 25 daAuts
